 Dungeon Crawl Stone Soup version 0.24.0-41-g2ae2f7f1be (webtiles) character file.

Game seed: 13943758131632079247, levelgen mode: deterministic

88 H0rd4k the Magician (level 4, -1/24 HPs)
             Began as a Deep Elf Wizard on Dec 10, 2019.
             Slain by an orc wizard
             ... wielding a +1 dagger of venom
              (3 damage)
             ... on level 3 of the Dungeon on Dec 11, 2019.
             The game lasted 00:06:22 (2429 turns).

H0rd4k the Magician (Deep Elf Wizard)               Turns: 2429, Time: 00:06:22

Health: -1/24      AC:  2    Str:  9    XL:     4   Next: 29%
Magic:  0/14       EV: 17    Int: 24    God:
Gold:   105        SH:  0    Dex: 18    Spells: 6/15 levels left

rFire    . . .     SeeInvis .   (no weapon)
rCold    . . .     Gourm    .   (no shield)
rNeg     . . .     Faith    .   a - +0 robe
rPois    .         Spirit   .   b - +0 hat
rElec    .         Reflect  .   (no cloak)
rCorr    .         Harm     .   (no gloves)
MR       .....     Rnd*Tele +   (no boots)
Stlth    +++.......             (no amulet)
HPRegen  0.08/turn              f - ring of teleportation (curse)
MPRegen  0.14/turn              (no ring)

@: mighty, agile, lethally poisoned (-1 -> -19), very slightly contaminated,
hasted, heavily drained, very quick
A: no striking features
a: no special abilities


You were on level 3 of the Dungeon.
You were not hungry.

You visited 1 branch of the dungeon, and saw 3 of its levels.

You collected 105 gold pieces.

Inventory:

Armour
 a - a +0 robe (worn)
 b - a +0 hat (worn)
Jewellery
 f - a cursed ring of teleportation (left hand)
Scrolls
 c - a scroll of enchant armour {unknown}
 e - a scroll of blinking {unknown}
 g - a scroll of enchant weapon {unknown}
 h - a scroll of noise
 j - a scroll of magic mapping {unknown}
Potions
 i - a potion of cancellation {unknown}
 k - a potion of agility
 l - a potion of haste
 n - a potion of ambrosia {unknown}
Comestibles
 d - 4 rations


   Skills:
 + Level 2.9(1.4) Dodging
 + Level 2.7(1.3) Stealth
 + Level 6.4(4.8) Spellcasting
 + Level 1.8(0.4) Conjurations
   Level 1.1(0.0) Summonings
 + Level 1.1(0.0) Translocations


You had 6 spell levels left.
You knew the following spells:

 Your Spells              Type           Power        Failure   Level  Hunger
a - Magic Dart            Conj           #...         8%          1    None
b - Blink                 Tloc           N/A          14%         2    None
c - Conjure Flame         Conj/Fire      #.......     26%         3    ##.....
d - Mephitic Cloud        Conj/Pois/Air  #.......     26%         3    ##.....

Your spell library contained the following spells:

 Spells                   Type           Power        Failure   Level  Hunger
 Call Imp                 Summ           #.......     14%         2    None
 Slow                     Hex            #.......     14%         2    None


Dungeon Overview and Level Annotations

Branches:
Dungeon (3/15)

Altars:
Fedhas
Nemelex Xobeh

Annotations:
D:2 1 runed translucent door, Crazy Yiuf


Message History

It was a potion of agility.
You feel agile all of a sudden.
* * * LOW HITPOINT WARNING * * *
You feel sick. The orc wizard closely misses you.
It was a potion of might.
You feel very mighty all of a sudden. The orc wizard completely misses you.
The orc misses you. The orc wizard completely misses you.
Casting: Conjure Flame (safe; 26% risk of failure)
Confirm with . or Enter, or press ? or * to list all spells.
You miscast Blink.
You feel a wrenching sensation.
* * * LOW HITPOINT WARNING * * *
You feel sick. The orc barely misses you.
The orc wizard hits you but does no damage.
You are more poisoned.
It was a potion of haste.
You feel yourself speed up.
* * * LOW HITPOINT WARNING * * *
You feel sick.
The orc wizard hits you with a +1 dagger of venom.
You die...

.# #.# .^... #.# ..... #.# ......
#.# #+#### #.# #.# #.# #.# #.#
#.# #o# #.# #@# ..## #o#
#..#########..##.#
##............##.#
.##.#######...##.#
.##.#######...##.#
##........#...##.#
#.........#...##.################
..........+......................


You could see an orc wizard and an orc.

Vanquished Creatures
  Jessica (D:2)
  An adder (D:2)
  A worm (D:2)
  2 dart slugs (D:3)
  5 orcs (D:3)
  3 bats
  2 giant cockroaches
  3 goblins
  4 hobgoblins
  9 kobolds
  A quokka (D:3)
  6 rats
38 creatures vanquished.

Notes
Turn   | Place    | Note
-------+----------+-------------------------------------------
     0 | D:1      | H0rd4k the Deep Elf Wizard began the quest for the Orb.
     0 | D:1      | Reached XP level 1. HP: 10/10 MP: 7/7
   183 | D:1      | You fall into a shaft and drop 1 floor!
   185 | D:2      | Reached skill level 5 in Spellcasting
   185 | D:2      | Reached XP level 2. HP: 15/15 MP: 5/10
   326 | D:2      | Noticed Jessica
   338 | D:2      | Killed Jessica
   338 | D:2      | Reached XP level 3. HP: 19/19 MP: 1/12
   342 | D:2      | Learned a level 2 spell: Blink
   346 | D:2      | Learned a level 3 spell: Conjure Flame
   350 | D:2      | Learned a level 3 spell: Mephitic Cloud
   434 | D:2      | Found a blossoming altar of Fedhas.
   464 | D:2      | Reached skill level 6 in Spellcasting
  1177 | D:2      | Found a runed translucent door.
  1178 | D:2      | Noticed Crazy Yiuf
  1628 | D:3      | Reached XP level 4. HP: 22/24 MP: 9/14
  1865 | D:3      | Found a sparkling altar of Nemelex Xobeh.
  2429 | D:3      | Slain by an orc wizard

Levels and vault maps discovered:
D:1:      tarquinn_simple_flora_water_f, layout_loops_ring
D:2:      layout_loops_ring, kennysheep_flooded_box, nrook_campfire,
          chequers_serial_rivers_micro_e, uniq_crazy_yiuf_cottage, uniq_jessica
D:3:      layout_basic, nemelex_lonely_heart_becter

Skill      XL: |  1  2  3 |
---------------+----------+-----
Spellcasting   | 5 6 |  6.4
Dodging        | |  2.9
Stealth        | |  2.7
Conjurations   | |  1.8
Summonings     | |  1.1
Translocations | |  1.1

Action                   |  1- 3 |  4- 6 || total
-------------------------+-------+-------++-------
Melee: Unarmed           |       |     3 ||     3
 Cast: Magic Dart        |   100 |    57 ||   157
       Blink             |       |     1 ||     1
  Use: Scroll            |     5 |       ||     5
       Potion            |       |     3 ||     3
  Eat: Chunk             |     1 |     3 ||     4
Armor: Robe              |     4 |     5 ||     9
Dodge: Dodged            |    14 |    24 ||    38
